 Dungeon Crawl Stone Soup version 0.18.1-47-g9310371 (webtiles) character file.

11521 raph the Arsonist (level 11, 0/64 HPs)
             Began as a Deep Elf Fire Elementalist on June 19, 2016.
             Was an Elder of Vehumet.
             Slain by a basilisk (1 damage)
             ... on level 2 of the Lair of Beasts.
             The game lasted 00:43:55 (16825 turns).

raph the Arsonist (Deep Elf Fire Elementalist)     Turns: 16825, Time: 00:43:57

Health: 0/64       AC: 13    Str:  5    XL:     11   Next: 50%
Magic:  26/26      EV:  2    Int: 24    God:    Vehumet [****..]
Gold:   714        SH:  0    Dex: 15    Spells: 10 memorised, 2 levels left

rFire  . . .     SeeInvis .     a - +2 falchion (protect)
rCold  . . .     Gourm    .     D - +2 leather armour of the Eternal Fruit {rPois}
rNeg   + + +     Faith    .     F - +0 buckler
rPois  ∞         Spirit   .     d - +0 helmet
rElec  .         Dismiss  .     (no cloak)
rCorr  .         Reflect  .     g - +1 pair of gloves
SustAt .         Harm     .     (no boots)
MR     +....                    (no amulet)
Stlth  ++........               H - +3 ring of evasion
                                (no ring)

@: petrified, somewhat resistant to hostile enchantments, unstealthy
A: poison resistance, evolution 1
a: Renounce Religion


You were on level 2 of the Lair of Beasts.
You worshipped Vehumet.
Vehumet was greatly pleased with you.
You were hungry.

You visited 3 branches of the dungeon, and saw 13 of its levels.

You collected 714 gold pieces.

Inventory:

Hand Weapons
 a - a +2 falchion of protection (weapon)
 e - a +0 dagger
 o - a +1 dagger of holy wrath
 q - a +1 hand axe of chopping
 P - a +0 dagger of speed
Missiles
 t - 2 tomahawks
 C - 3 steel javelins (quivered)
Armour
 d - a +0 helmet (worn)
 g - a +1 pair of gloves (worn)
 D - the +2 leather armour of the Eternal Fruit (worn) {rPois}
   (You found it on level 7 of the Dungeon)

   It protects you from poison.
 F - a +0 buckler (worn)
Jewellery
 H - a +3 ring of evasion (right hand)
Wands
 j - a wand of confusion (11/48)
 B - a wand of lightning (9/15)
 G - a wand of heal wounds (2/9)
 R - a wand of teleportation (7/9)
 S - a wand of confusion (15/48)
Scrolls
 h - 4 scrolls of amnesia
 s - 3 scrolls of blinking
 u - a scroll of enchant weapon
 E - 2 scrolls of remove curse
 N - 2 scrolls of magic mapping
Potions
 f - 5 potions of might
 i - 3 potions of invisibility
 l - 3 potions of heal wounds
 m - 3 potions of flight
 n - a potion of cure mutation {unknown}
 p - 6 potions of curing
 r - a potion of brilliance {unknown}
 v - a potion of agility
 w - a potion of lignification {unknown}
 z - 2 potions of resistance
 I - a potion of ambrosia {unknown}
 M - a potion of magic {unknown}
 Q - 2 potions of haste {unknown}
Books
 b - a book of Flames

   Spells                             Type                      Level
   a - Flame Tongue                   Conjuration/Fire             1
   b - Throw Flame                    Conjuration/Fire             2
   c - Conjure Flame                  Conjuration/Fire             3
   d - Inner Flame                    Hexes/Fire                   3
   e - Sticky Flame                   Conjuration/Fire             4
   f - Fireball                       Conjuration/Fire             5
 k - a Necronomicon

   Spells                             Type                      Level
   a - Haunt                          Necromancy/Summoning         7
   b - Borgnjor's Revivification      Necromancy                   8
   c - Death's Door                   Charms/Necromancy            8
   d - Necromutation                  Transmutation/Necromancy     8
 y - a book of Battle

   Spells                             Type                      Level
   a - Infusion                       Charms                       1
   b - Shroud of Golubria             Charms/Translocation         2
   c - Song of Slaying                Charms                       2
   d - Spectral Weapon                Hexes/Charms                 3
   e - Regeneration                   Charms/Necromancy            3
 O - a book of Beasts

   Spells                             Type                      Level
   a - Summon Butterflies             Summoning                    1
   b - Call Canine Familiar           Summoning                    3
   c - Summon Ice Beast               Ice/Summoning                4
   d - Summon Mana Viper              Hexes/Summoning              5
   e - Summon Hydra                   Summoning                    7
Comestibles
 c - 3 bread rations
 x - a slice of pizza
 A - 2 meat rations


   Skills:
 + Level 5.6 Fighting
 + Level 2.6 Armour
 + Level 6.8 Dodging
 - Level 2.4 Stealth
 - Level 5.0 Shields
 + Level 9.2 Spellcasting
 - Level 7.6 Conjurations
 - Level 4.9 Charms
 - Level 5.0 Necromancy
 + Level 10.2 Fire Magic
 - Level 3.7 Evocations


You had 2 spell levels left.
You knew the following spells:

 Your Spells              Type           Power        Failure   Level  Hunger
a - Flame Tongue          Conj/Fire      #####        1%          1    None
b - Conjure Flame         Conj/Fire      ######..     1%          3    None
c - Inner Flame           Hex/Fire       #####...     1%          3    None
d - Sticky Flame          Conj/Fire      ######..     1%          4    ##.....
e - Fireball              Conj/Fire      ######....   2%          5    ####...
f - Freeze                Ice            ##..         3%          1    None
g - Shroud of Golubria    Chrm/Tloc      ###.......   6%          2    None
h - Regeneration          Chrm/Necr      ####......   4%          3    None
i - Dazzling Spray        Conj/Hex       ####..       2%          3    None
j - Summon Butterflies    Summ           ##......     12%         1    None


Dungeon Overview and Level Annotations

Branches:
Dungeon (10/15)            Temple (1/1) D:4            Lair (2/8) D:10
    Orc: D:9-12

Altars:
Ashenzari
Cheibriados
Dithmenos
Elyvilon
Fedhas
Gozag
Kikubaaqudgha
Makhleb
Nemelex Xobeh
Okawaru
Pakellas
Qazlal
Ru
Sif Muna
Trog
Vehumet
Xom
Yredelemnul
Zin
The Shining One

Annotations:
Lair:2 Sirdec's ghost, journeyman HOFi


Innate Abilities, Weirdness & Mutations

Your system is resistant to poisons.
You evolve.


Message History

The giant frog hits you but does no damage.
Sirdec's ghost hits you.
* * * LOW HITPOINT WARNING * * *
The basilisk bites you but does no damage.
The giant frog hits you but does no damage. x2
Sirdec's ghost barely misses you.
The basilisk bites you but does no damage.
The giant frog hits you but does no damage.
The giant frog hits you.
* * * LOW HITPOINT WARNING * * *
The giant frog hits you but does no damage. x2
Sirdec's ghost hits you but does no damage.
The basilisk bites you but does no damage.
The giant frog hits you.
* * * LOW HITPOINT WARNING * * *
The giant frog hits you but does no damage.
Sirdec's ghost hits you!
* * * LOW HITPOINT WARNING * * *
The basilisk bites you.
You die...

#####............................
##............................
#......÷......................
##............................
#P.P####.....................
##### #.....................
#.....................
##....F...PP###....P##.
#.....@W...## #########
#......lF....# #..........P##
#'#.#......## ....#......##
...........P# # ##..#....##
#..#.....# .....#....#


You could see a basilisk, 2 giant frogs and Sirdec's ghost.

Vanquished Creatures
  A hydra (Lair:1)
  2 unseen horrors (D:10)
  2 hill giants
  2 black mambas
  3 spiny frogs (Lair:1)
  2 komodo dragons
  A two-headed ogre (D:9)
  5 yaks (Lair:1)
  2 hippogriffs
  4 water moccasins
  2 porcupines (Lair:1)
  2 black bears
  2 sky beasts
  A necrophage (D:9)
  3 orc warriors
  3 ice beasts
  4 ogres
  3 centaurs
  2 crocodiles
  8 giant frogs
  A gnoll sergeant (D:9)
  2 water moccasin zombies
  A wyvern skeleton (D:8)
  6 killer bees (D:10)
  4 wights (D:10)
  9 howler monkeys
  3 crimson imps
  A centaur zombie (D:8)
  5 hounds
  2 quasits
  5 orc priests
  8 orc wizards
  2 giant frog skeletons
  Terence (D:3)
  4 iguanas
  Natasha (thrice) (D:3)
  8 worker ants
  2 killer bee zombies
  6 sheep (Lair:1)
  2 hound skeletons (D:4)
  Robin (D:3)
  7 gnolls (D:2)
  6 adders
  17 river rats
  5 shadow imps
  An ooze (D:1)
  4 adder skeletons
  2 worms
  3 dart slugs
  8 giant geckos
  25 orcs
  7 giant cockroaches
  12 goblins
  8 hobgoblins
  20 jackals
  8 quokkas
  3 ball pythons
  4 bats
  2 giant cockroach zombies (D:6)
  A giant gecko skeleton (D:4)
  A giant gecko zombie (D:7)
  3 giant newts
  9 kobolds
  A quokka skeleton (D:6)
  7 rats
  5 plants (D:3)
299 creatures vanquished.

Vanquished Creatures (others)
  A two-headed ogre (D:9)
  A centaur (D:9)
  A giant frog (D:9)
  A giant frog skeleton (D:9)
  A quokka (D:9)
  A fungus (Lair:1)
  12 plants
18 creatures vanquished.

Grand Total: 317 creatures vanquished

Notes
Turn   | Place    | Note
--------------------------------------------------------------
     0 | D:1      | raph the Deep Elf Fire Elementalist began the quest for the Orb.
     0 | D:1      | Reached XP level 1. HP: 10/10 MP: 6/6
   156 | D:1      | Reached XP level 2. HP: 15/15 MP: 6/8
   692 | D:1      | Reached skill level 4 in Fire Magic
  1066 | D:2      | Reached XP level 3. HP: 19/19 MP: 5/9
  1138 | D:2      | Learned a level 3 spell: Conjure Flame
  1142 | D:2      | Learned a level 3 spell: Inner Flame
  1676 | D:2      | Found an oddly glowing altar of Pakellas.
  1683 | D:2      | Found a burning altar of Makhleb.
  1683 | D:2      | Found a shattered altar of Ashenzari.
  1684 | D:2      | Found a snail-covered altar of Cheibriados.
  1840 | D:2      | Reached XP level 4. HP: 17/24 MP: 5/10
  2328 | D:2      | Found an iron altar of Okawaru.
  2515 | D:3      | Noticed Natasha
  2520 | D:3      | Killed Natasha
  2520 | D:3      | Reached skill level 5 in Fire Magic
  2520 | D:3      | Reached XP level 5. HP: 28/28 MP: 6/11
  2908 | D:3      | Found a bloodstained altar of Trog.
  3058 | D:3      | Noticed Natasha
  3062 | D:3      | Killed Natasha
  3077 | D:3      | Noticed Natasha
  3081 | D:3      | Killed Natasha
  3177 | D:3      | Noticed Terence
  3183 | D:3      | Killed Terence
  3240 | D:3      | Noticed Robin
  3246 | D:3      | Killed Robin
  3252 | D:3      | Reached XP level 6. HP: 24/32 MP: 1/14
  3570 | D:2      | Learned a level 4 spell: Sticky Flame
  3987 | D:3      | Found a stormy altar of Qazlal.
  4316 | D:4      | Found a staircase to the Ecumenical Temple.
  4323 | Temple   | Entered the Ecumenical Temple
  4359 | Temple   | Became a worshipper of Vehumet
  5145 | D:4      | Reached skill level 5 in Spellcasting
  5145 | D:4      | Reached skill level 5 in Conjurations
  5145 | D:4      | Reached skill level 6 in Fire Magic
  5343 | D:4      | Reached XP level 7. HP: 36/36 MP: 7/16
  5405 | D:4      | Learned a level 5 spell: Fireball
  5458 | D:5      | Entered Level 5 of the Dungeon
  5493 | D:5      | Reached * piety under Vehumet
  5493 | D:5      | Offered knowledge of Freeze by Vehumet.
  5761 | D:5      | Reached skill level 7 in Fire Magic
  7073 | D:6      | Reached XP level 8. HP: 41/42 MP: 11/18
  7215 | D:6      | Learned a level 1 spell: Freeze
  7636 | D:6      | Gained mutation: You evolve. [potion of beneficial mutation]
  8177 | D:7      | Reached skill level 1 in Fighting
  8358 | D:7      | Noticed a hill giant
  8372 | D:7      | Killed a hill giant
  8372 | D:7      | Reached skill level 8 in Fire Magic
  8576 | D:7      | Got a spiked leather armour
  8587 | D:7      | Identified the +2 leather armour of the Eternal Fruit {rPois} (You found it on level 7 of the Dungeon)
  9131 | D:7      | Reached ** piety under Vehumet
  9131 | D:7      | Reached XP level 9. HP: 49/49 MP: 11/21
  9316 | D:7      | Offered knowledge of Magic Dart by Vehumet.
  9316 | D:7      | Reached skill level 1 in Armour
  9456 | D:7      | Learned a level 2 spell: Shroud of Golubria
  9597 | D:7      | Reached skill level 5 in Dodging
 10085 | D:8      | Reached skill level 1 in Charms
 10704 | D:8      | Reached skill level 1 in Shields
 11062 | D:8      | Found a deep blue altar of Sif Muna.
 11666 | D:9      | Found a shimmering altar of Xom.
 12016 | D:9      | Offered knowledge of Static Discharge by Vehumet.
 12016 | D:9      | Reached skill level 9 in Fire Magic
 12133 | D:9      | Learned a level 3 spell: Regeneration
 12359 | D:9      | Reached XP level 10. HP: 56/56 MP: 18/22
 12784 | D:10     | Entered Level 10 of the Dungeon
 12791 | D:10     | Reached *** piety under Vehumet
 12963 | D:10     | Noticed a hill giant
 12969 | D:10     | Killed a hill giant
 12969 | D:10     | Reached skill level 1 in Necromancy
 13436 | D:10     | Found a staircase to the Lair.
 13451 | D:10     | Reached skill level 1 in Evocations
 13576 | D:10     | Noticed an unseen horror
 13580 | D:10     | Killed an unseen horror
 13608 | D:10     | Gained mutation: Your system is resistant to poisons. [evolution]
 13920 | D:10     | Noticed an unseen horror
 13921 | D:10     | Killed an unseen horror
 14747 | D:10     | Offered knowledge of Olgreb's Toxic Radiance by Vehumet.
 15119 | Lair:1   | Entered Level 1 of the Lair of Beasts
 15122 | Lair:1   | Reached skill level 5 in Shields
 15199 | Lair:1   | Reached skill level 5 in Fighting
 15329 | Lair:1   | Reached XP level 11. HP: 63/63 MP: 18/25
 15339 | Lair:1   | Reached **** piety under Vehumet
 15636 | Lair:1   | Offered knowledge of Dazzling Spray by Vehumet.
 15684 | Lair:1   | Noticed a six-headed hydra
 15765 | Lair:1   | Reached skill level 10 in Fire Magic
 16266 | Lair:1   | Killed a six-headed hydra
 16266 | Lair:1   | Reached skill level 5 in Necromancy
 16370 | Lair:1   | Learned a level 3 spell: Dazzling Spray
 16372 | Lair:1   | Learned a level 1 spell: Summon Butterflies
 16802 | Lair:2   | Noticed Sirdec's ghost (journeyman HOFi)
 16825 | Lair:2   | HP: 1/64 [Sirdec's ghost (5)]
 16825 | Lair:2   | Slain by a basilisk

Skill      XL: |  1  2  3  4  5  6  7  8  9 10 11 |
---------------+----------------------------------+-----
Conjurations   | 2 3 4 5 6 7 |  7.6
Fire Magic     | 4 5 6 7 8 9 10 | 10.2
Spellcasting   | 4 5 6 7 8 9 |  9.2
Dodging        | 4 5 6 |  6.8
Fighting       | 2 4 5 |  5.6
Armour         | 1 2 |  2.6
Charms         | 4 |  4.9
Shields        | 3 5 |  5.0
Necromancy     | 3 5 |  5.0
Evocations     | 3 |  3.7
Stealth        | |  2.4

Action                   |  1- 3 |  4- 6 |  7- 9 | 10-12 || total
-------------------------+-------+-------+-------+-------++-------
Melee: Dagger            |     3 |     9 |    33 |       ||    45
       Hand axe          |       |   152 |       |       ||   152
       Falchion          |       |       |       |    14 ||    14
Throw: Javelin           |       |       |       |     3 ||     3
       Tomahawk          |       |       |       |     1 ||     1
 Cast: Flame Tongue      |    67 |   154 |   283 |   201 ||   705
       Conjure Flame     |     3 |     7 |    11 |     6 ||    27
       Inner Flame       |     1 |     3 |     4 |     3 ||    11
       Sticky Flame      |       |     1 |    12 |    26 ||    39
       Freeze            |       |       |     3 |     5 ||     8
       Fireball          |       |       |     1 |    27 ||    28
       Shroud of Golubri |       |       |       |     2 ||     2
       Regeneration      |       |       |       |     1 ||     1
Evoke: Wand              |       |       |       |     1 ||     1
  Use: Scroll            |       |    11 |     9 |     5 ||    25
       Potion            |       |     2 |     1 |     2 ||     5
 Stab: Sleeping          |       |     1 |     2 |       ||     3
  Eat: Chunk             |     2 |    10 |    20 |    10 ||    42
       Fruit             |     1 |     1 |     1 |       ||     3
       Beef jerky        |       |     1 |       |       ||     1
       Pizza             |       |       |     1 |       ||     1
       Meat ration       |       |       |       |     2 ||     2
Armor: Robe              |     3 |    17 |     5 |       ||    25
       Leather armour    |       |       |    26 |    78 ||   104
Dodge: Dodged            |    18 |    59 |    87 |   111 ||   275
Block: Buckler           |       |       |     2 |    36 ||    38
